 Dungeon Crawl Stone Soup version 0.31.0-1-g2c135a008e (webtiles) character file.

Game seed: 11233529736385082206

95 qw the Shooter (level 4, -2/35 HPs)
             Began as a Djinni Hunter on Jan 24, 2024.
             Slain by Terence
             ... wielding a +0 mace
              (5 damage)
             ... on level 3 of the Dungeon.
             The game lasted 00:00:07 (1885 turns).

qw the Shooter (Djinni Hunter)                      Turns: 1885, Time: 00:00:08

Health: -2/35      AC:  6    Str: 10    XL:     4   Next: 97%
Gold:   90         EV: 11    Int: 11    God:
                   SH:  0    Dex: 18

rFire   + + .        a - +3 shortbow
rCold   x . .        (shield currently unavailable)
rNeg    . . .        e - +0 ring mail
rPois   inf          (no helmet)
rElec   .            d - +0 cloak
rCorr   .            (no gloves)
SInv    .            (boots unavailable)
Will    .....        (no amulet)
Stlth   +            (no ring)
HPRegen 0.25/turn    (no ring)
MPRegen 0.00/turn

%: infuse magic (-3 HP)
@: flying
A: sickness immunity, fire resistance 2, cold vulnerability 1, float, innate
caster, HP casting, extra vitality 1
a: no special abilities


You were on level 3 of the Dungeon.
You visited 1 branch of the dungeon, and saw 3 of its levels.

You collected 90 gold pieces.


Innate Abilities, Weirdness & Mutations

You are immune to sickness and miasma.
You are immune to poison.
Your flesh is very heat resistant. (rF++)
You are vulnerable to cold. (rC-)
You float through the air rather than walking.
You learn spells naturally, not from books.
Your magical power is your life essence.
You have superior vitality. (+4 MHP)


   Skills:
 - Level 3.1 Fighting
 + Level 4.2 Ranged Weapons
 - Level 1.0 Armour
 - Level 2.4 Dodging
 - Level 0.7 Stealth


You knew the following spells:

 Your Spells              Type           Power      Damage    Failure   Level
a - Foxfire               Conj/Fire      0%         2x1d4     65%         1
Your spell library was empty.

Inventory:

Hand Weapons
 a - a +3 shortbow (weapon)
Armour
 d - a +0 cloak (worn)
 e - a +0 ring mail (worn)
 f - a +1 helmet
Scrolls
 c - a scroll of revelation {unknown}
 h - a scroll of identify
 j - a scroll of teleportation {unknown}
 l - 2 scrolls of fear {unknown}
Potions
 b - a potion of enlightenment {unknown}
 g - a potion of curing {unknown}
 i - a potion of heal wounds {unknown}
 k - a potion of ambrosia {unknown}

Dungeon Overview and Level Annotations

Branches:
Dungeon (3/15)

Altars:

Annotations:
D:3 Terence


Message History

The hound bites you. Terence hits you with a +0 mace!
The hound closely misses you.
You shoot an arrow. The arrow hits Terence.
Terence is moderately wounded.
The hound bites you. Terence hits you with a +0 mace. The hound misses you.
You shoot an arrow. The arrow barely misses Terence.
Terence barely misses you. The hound misses you. x2
Terence shouts, "ATTACK!!!"
Terence misses you.
You shoot an arrow. The arrow closely misses Terence.
The hound misses you. Terence misses you. The hound barely misses you.
You shoot an arrow. The arrow completely misses Terence.
The hound closely misses you. Terence hits you with a +0 mace.
The hound closely misses you.
You shoot an arrow. The arrow closely misses Terence.
Terence barely misses you. The hound barely misses you.
The hound bites you but does no damage. Terence barely misses you.
You shoot an arrow. The arrow hits Terence.
Terence is moderately wounded.
The hound bites you but does no damage. Terence hits you with a +0 mace.
You shoot an arrow. The arrow closely misses Terence.
The hound bites you. The hound closely misses you.
Terence hits you with a +0 mace. The hound bites you.
You shoot an arrow. The arrow hits Terence.
Terence is heavily wounded.
Terence hits you but does no damage. The hound bites you. x2
Terence hits you but does no damage.
You shoot an arrow. The arrow hits Terence.
Terence is severely wounded.
The hound barely misses you. Terence closely misses you.
The hound bites you but does no damage.
You shoot an arrow.
The arrow hits Terence but does no damage.
Terence is severely wounded.
The hound closely misses you. Terence barely misses you.
The hound barely misses you.
You shoot an arrow. The arrow closely misses Terence.
The hound barely misses you. Terence hits you with a +0 mace.
You die...
Terence says, "That felt goooood."

......# #..### ......#
##...###
......#....#...## .
......#.######..####....
........................
................####....
................####....
....# ..>..............
.... .........@....$..
.... ........h@###....
.... ).........# ...
.... ........## ######
...####.# ... #%# #.#
###.# #. #.# ....### #.
.......


You could see Terence and a hound.

Vanquished Creatures
  4 gnolls
  2 ribbon worms (D:2)
  An orc (D:3)
  3 ball pythons
  5 bats
  2 endoplasms
  5 giant cockroaches
  6 goblins
  5 hobgoblins
  3 jackals (D:1)
  A kobold (D:1)
  3 quokkas
  3 frilled lizards
  6 rats
49 creatures vanquished.

Notes
Turn   | Place    | Note
-------+----------+-------------------------------------------
     0 | D:1      | qw the Djinni Hunter began the quest for the Orb.
     0 | D:1      | Reached XP level 1. HP: 18/18 MP: 0/0
     0 | D:1      | 0 ||| qw: Version: 0.3-a-136-gdd3b4e8
     0 | D:1      | 0 ||| qw: Game counter: 1375
     0 | D:1      | 0 ||| qw: Melee chars always use a shield: true
     0 | D:1      | 0 ||| qw: God list: Okawaru
     0 | D:1      | 0 ||| qw: Allow faded altars: false
     0 | D:1      | 0 ||| qw: Do Orc after clearing Dungeon:15 true
     0 | D:1      | 0 ||| qw: Do second Lair branch before Depths: true
     0 | D:1      | 0 ||| qw: Lair rune preference: random
     0 | D:1      | 0 ||| qw: Goals: Normal
     0 | D:1      | 0 ||| PLANNING D:1-11
    56 | D:1      | Reached XP level 2. HP: 23/23 MP: 0/0
    79 | D:1      | Found a faded altar of an unknown god.
   701 | D:1      | Reached XP level 3. HP: 28/28 MP: 0/0
   701 | D:1      | Learned a level 1 spell: Foxfire
   713 | D:1      | Reached skill level 4 in Ranged Weapons
   864 | D:1      | 864 ||| READING 2 scrolls labelled ELUBOR HOSUNO.
   864 | D:1      | 864 ||| ENCHANTING +0 shortbow.
   865 | D:1      | 865 ||| READING scroll of enchant weapon.
   865 | D:1      | 865 ||| ENCHANTING +1 shortbow.
   866 | D:1      | 866 ||| READING scroll labelled BETOEJ KENTU.
   867 | D:1      | 867 ||| READING scroll labelled BOVUSY YMETIST.
   867 | D:1      | 867 ||| IDENTIFYING fizzy ruby potion
   868 | D:1      | 868 ||| READING scroll labelled BUH HEALIUKEOMMAO.
   869 | D:1      | 869 ||| DROPPING scroll of butterflies.
   870 | D:1      | 870 ||| DROPPING potion of invisibility.
  1161 | D:2      | 1161 ||| READING scroll of enchant weapon.
  1161 | D:2      | 1161 ||| ENCHANTING +2 shortbow.
  1241 | D:2      | Reached XP level 4. HP: 34/34 MP: 0/0
  1290 | D:2      | HP: 7/34 [gnoll/+0 club (6)]
  1294 | D:2      | Reached skill level 3 in Fighting
  1296 | D:2      | HP: 6/35 [gnoll/+0 halberd (3)]
  1572 | D:2      | 1572 ||| UPGRADING to +0 cloak.
  1577 | D:2      | 1577 ||| UPGRADING to +0 ring mail.
  1587 | D:2      | 1587 ||| DROPPING +0 leather armour.
  1588 | D:2      | 1588 ||| DRINKING 2 fizzy green potions.
  1632 | D:2      | 1632 ||| DROPPING potion of lignification.
  1802 | D:3      | Reached skill level 1 in Armour
  1868 | D:3      | Noticed Terence
  1881 | D:3      | HP: 7/35 [hound (3)]
  1882 | D:3      | HP: 3/35 [hound (4)]
  1882 | D:3      | HP: 1/35 [hound (2)]
  1885 | D:3      | Slain by Terence

Levels and vault maps discovered:
D:1:      nicolae_arrival_somewhat_less_tricky_arrival, layout_basic,
          chequers_ecumenical_altar_island
D:2:      layout_basic
D:3:      layout_rooms, uniq_grinder, uniq_terence

Skill      XL: |  1  2  3  4 |
---------------+-------------+-----
Ranged Weapons | 4 |  4.2
Fighting       | 3 |  3.1
Armour         | 1 |  1.0
Dodging        | |  2.4
Stealth        | |  0.7

Action                     |  1- 3 |  4- 6 || total
---------------------------+-------+-------++-------
   Fire: Shortbow          |    78 |    66 ||   144
    Use: Scroll            |     6 |       ||     6
         Potion            |       |     1 ||     1
 Armour: Leather armour    |    11 |     7 ||    18
         Ring mail         |       |    21 ||    21
  Dodge: Dodged            |    12 |    49 ||    61

Table legend:
 A = Non-vault XP
 B = Vault XP
 C = Vault XP percentage of total XP
 D = Non-vault monster count
 E = Vault monster count
 F = Vault count percentage of total count
                 A         B        C        D         E       F
            +---------+---------+-------+---------+---------+-------
      Total |     137 |       0 |   0.0 |      49 |       0 |   0.0
            +---------+---------+-------+---------+---------+-------
        D:1 |      45 |       0 |   0.0 |      18 |       0 |   0.0
        D:2 |      66 |       0 |   0.0 |      15 |       0 |   0.0
        D:3 |      26 |       0 |   0.0 |      16 |       0 |   0.0
            +---------+---------+-------+---------+---------+-------
